 Dungeon Crawl Stone Soup version 0.16-a0-3940-gf8a207b (webtiles) character file.

149 inmateoo the Conjurer (level 5, 0/31 HPs)
             Began as an Octopode Conjurer on Feb 7, 2015.
             Succumbed to Luf Lag's poison
             ... on level 3 of the Dungeon.
             The game lasted 00:04:25 (2950 turns).

inmateoo the Conjurer (Octopode Conjurer)           Turns: 2950, Time: 00:04:25

Health: 0/31       AC:  1    Str:  7    XL:     5   Next: 31%
Magic:  3/10       EV: 12    Int: 19    God:
Gold:   163        SH:  0    Dex: 12    Spells: 3 memorised, 3 levels left

rFire  . . .     SeeInvis .     h - +3 short sword (venom)
rCold  . . .     Clarity  .     (no shield)
rNeg   . . .     SustAb   .     (helmet restricted)
rPois  .         Gourm    .     (no amulet)
rElec  .         Spirit   .     m - ring of stealth
rCorr  .         Warding  .     (no ring)
rMut   .         Stasis   .     (no ring)
MR     .....                    (no ring)
Stlth  +++++.....               (no ring)
                                (no ring)
                                (no ring)
                                (no ring)

@: lethally poisoned (0 -> -4), not resistant to hostile enchantments, quite
stealthy
A: almost no armour, amphibious, 8 rings, constrict 8, camouflage 1, gelatinous
body 1
a: no special abilities


You were on level 3 of the Dungeon.
You were hungry.

You visited 1 branch of the dungeon, and saw 4 of its levels.

You collected 163 gold pieces.

Inventory:

Hand weapons
 h - a +3 short sword of venom (weapon)
Jewellery
 m - a ring of stealth (left tentacle)
Scrolls
 a - 3 scrolls of identify
 d - a scroll of recharging
 i - a scroll of teleportation
Books
 c - a book of Conjurations

   Spells                             Type                      Level
   a - Magic Dart                     Conjuration                  1
   b - Searing Ray                    Conjuration                  2
   c - Dazzling Spray                 Conjuration/Hexes            3
   d - Fulminant Prism                Conjuration/Hexes            4
   e - Iskenderun's Mystic Blast      Conjuration                  4
   f - Iskenderun's Battlesphere      Conjuration/Charms           5
Miscellaneous
 e - a plain deck of changes {drawn: 2}
Comestibles
 b - 3 bread rations
 f - 2 meat rations
 g - a slice of pizza
 k - a beef jerky


   Skills:
 + Level 1.4 Short Blades
 + Level 2.6 Dodging
 + Level 4.2 Stealth
 + Level 2.8 Spellcasting
 * Level 4.8 Conjurations


You had 3 spell levels left.
You knew the following spells:

 Your Spells              Type           Power        Failure   Level  Hunger
a - Magic Dart            Conj           ###.         1%          1    None
b - Searing Ray           Conj           ###...       3%          2    ##.....
c - Dazzling Spray        Conj/Hex       ##......     17%         3    ###....


Dungeon Overview and Level Annotations

Branches:
Dungeon (4/15)
 Temple: D:4-7

Altars:
Fedhas
Kikubaaqudgha
Nemelex Xobeh
Okawaru
Ru

Shops:
D:4 *


Innate Abilities, Weirdness & Mutations

You cannot wear most types of armour.
You are amphibious.
You can wear up to eight rings at the same time.
You can use your tentacles to constrict many enemies at once.
Your skin changes colour to match your surroundings (Stealth).
Your rubbery body absorbs attacks (AC +1).


Message History

* * * LOW HITPOINT WARNING * * *
Luf Lag hits you from afar with a trident of venom.
* * * LOW HITPOINT WARNING * * *
You are lethally poisoned!
You climb upwards.
* * * LOW HITPOINT WARNING * * *
You feel sick.
There is a stone staircase leading down here.
Unknown command.
Unknown command.
Unknown command.
Unknown command.
Unknown command.
Unknown command.
Unknown command.
Unknown command.
Drink which item? (? for menu, Esc to quit)
You feel refreshed.
Your skin feels tender.
You die...

##.## #.#######.# #.#
#.# #.# #.# #.##### #.#
##+## #.....# #.#
##...## #.###.# #.#
##.....## #.# #.# #.#
#.......## ##.###.###.#
.........####..........#
.........'.....h@...####
.........####.......#
........## ##.##.###
.#.....## ####.#
.##...## #.# .###+#####
#.# .# #.###.########.#
.# #.##...........#
.###.###.##########


You could see a hound.

Vanquished Creatures
  6 adders
  A gnoll (D:4)
  A giant mite (D:1)
  2 worms
  5 giant geckos
  4 orcs (D:3)
  A ball python (D:3)
  5 giant cockroaches
  5 hobgoblins
  6 jackals
  A quokka (D:2)
  9 bats
  5 giant newts
  A goblin (D:2)
  8 kobolds
  5 rats
65 creatures vanquished.

Notes
Turn   | Place    | Note
--------------------------------------------------------------
     0 | D:1      | inmateoo, the Octopode Conjurer, began the quest for the Orb.
     0 | D:1      | Reached XP level 1. HP: 11/11 MP: 3/3
    29 | D:1      | Reached XP level 2. HP: 17/17 MP: 0/4
   544 | D:1      | Reached XP level 3. HP: 18/21 MP: 0/6
   548 | D:1      | Learned a level 2 spell: Searing Ray
  1416 | D:2      | Found an iron altar of Okawaru.
  1421 | D:2      | Reached XP level 4. HP: 27/27 MP: 2/8
  1536 | D:2      | Found a blossoming altar of Fedhas.
  1536 | D:2      | Found an ancient bone altar of Kikubaaqudgha.
  1650 | D:2      | Reached skill level 1 in Short Blades
  1738 | D:3      | Learned a level 3 spell: Dazzling Spray
  1748 | D:3      | Found a sacrificial altar of Ru.
  2429 | D:3      | Reached XP level 5. HP: 31/31 MP: 9/9
  2831 | D:4      | Found Skeyff's General Store.
  2831 | D:4      | Noticed a centaur
  2923 | D:4      | Found a sparkling altar of Nemelex Xobeh.
  2942 | D:4      | Noticed Luf Lag
  2949 | D:3      | HP: 1/31 [poisoned by Luf Lag]
  2950 | D:3      | Succumbed to Luf Lag's poison

Action                   |  1- 3 |  4- 6 || total
-------------------------+-------+-------++-------
Melee: Unarmed           |    10 |       ||    10
       Club              |    12 |       ||    12
       Short sword       |     9 |    45 ||    54
 Cast: Magic Dart        |    57 |    34 ||    91
       Searing Ray       |       |     2 ||     2
Evoke: Deck              |       |     2 ||     2
  Use: Scroll            |     1 |     5 ||     6
       Potion            |     1 |     2 ||     3
 Stab: Sleeping          |     1 |     2 ||     3
  Eat: Chunk             |     2 |     4 ||     6
